Workbook

Sheet 200901サマリー
A1: 2009年1月結果
A3: ＫＧＩ＆ＫＰＩ達成度合い
B5: 達成率 | C5: 達成/未達成の要因
A6: 売上 | B6: =データ!X29 -> 0.85916667 | C6: １購入あたりの売上が目標に未達成の影響が大きく（\600目標に対して、\546）売上の達成率も未達に。また高いCVRと客単価を誇っていたメールマガジンがここ２年で最低のCVRになった事も要因としてあげられる。
A7: 利益 | B7: =データ!Y29 -> 0.86777778 | C7: 集客予算は想定通りも、売上が届かず利益にも影響。
A8: 流入 | B8: =データ!Z29 -> 1.21045 | C8: ニュースサイトで取り上げれらた事による、「その他」流入の前月比2.1倍の増大。商戦期である前月と比較してAdwordsの集客を抑えた。
A9: 売上/成果 | B9: =データ!AA29 -> 0.90917108 | C9: 上記ニュースサイトからのアクセスがほとんどコンバージョンに結びつかず、その他流入のCVRが前月から大幅にダウン（1.9%→0.6%)。またSEOのロジック変更によるクリエイティブ表示量の変更に伴い高い流入数を誇るSEOのCVRがダウン（3.8%→3.1%）
A12: 実数値と前月・前年比比較 | F12: 年度目標に対する見通し
B14: 39814 | C14: 39783 | D14: 39448
A15: 売上 | B15: =データ!B29 -> 1031000 | C15: =データ!B28 -> 1858000 | D15: =データ!B17 -> 940000
A16: 利益 | B16: =データ!H29 -> 781000 | C16: =データ!H28 -> 1358000 | D16: =データ!H17 -> 690000
A17: 流入 | B17: =データ!M29 -> 121045 | C17: =データ!M28 -> 120420 | D17: =データ!M17 -> 92104
A18: 売上/成果 | B18: =データ!S29 -> 545.50265 | C18: =データ!S28 -> 661.20996 | D18: =データ!S17 -> 513.6612
A20: 先月の商戦期と比較して、売上・利益・売上/成果共に減少。ただ流入に関してはその他からの流入が多かった事もあり前月とほぼ同じ水準を保っています。
F32: 年度目標は先月の予測数字と変わらない状況で、売上95.4%・利益91.5%となっています。売上が約100万円程届きません。また集客予算を２月・３月共に０円に抑えても、利益に関しては30万円程届きません。

Sheet グラフ
A1: サイト売上とサイト利益 | K1: 累計達成率（黒線は予測）
A37: セッション数 | K37: 売上/成果 | U37: ＣＶ数とCV率
A73: 集客別流入数 | K73: 集客別ＣＶ数 | U73: 集客別ＣＶＲ | AF73: 流入数シェア（２００９年１月）
AF92: ＣＶ数シェア（２００９年１月）
A109: ＰＶ・セッション数・ＵＵ数 | L109: 直帰率・新規率 | U109: 主要ページＰＶ

Sheet データ
A1: 作成者 | B1: 最終更新日 | D1: ・数値入力をする部分は太字、変更しない部分はグレー背景となっています。
A2: 小川 | B2: 39854
A5: ＫＧＩ・サイト利益・流入とコンバージョン | F5: ※サンプルです。分かりやすさのため数値は四捨五入しています。 | W5: 達成率の抽出 | AE5: 達成率計算
A7: 月 | B7: サイト売上 | C7: 目標 | D7: 達成率 | E7: 差額 | F7: 集客コスト | G7: その他コスト | H7: サイト利益 | I7: 利益目標 | J7: 達成率 | K7: 差額 | M7: サイト流入量 | N7: 目標 | O7: 達成率 | P7: CV数 | Q7: CV率 | R7: 売上/流入 | S7: 売上/成果 | T7: 目標 | U7: 達成率 | W7: 月 | X7: 売上 | Y7: 利益 | Z7: 流入 | AA7: 売上/成果 | AB7: 未達項目 | AD7: 月 | AE7: 売上 | AF7: 目標 | AG7: 売上達成率 | AH7: 利益 | AI7: 目標 | AJ7: 利益達成率
A8: 39173 | B8: 1230000 | C8: 1000000 | D8: =B8/C8 -> 1.23 | E8: =B8-C8 -> 230000 | F8: 400000 | G8: 0 | H8: =B8-F8-G8 -> 830000 | I8: =C8*0.75 -> 750000 | J8: =H8/I8 -> 1.1066667 | K8: =H8-I8 -> 80000 | M8: 102120 | N8: =F8*0.3 -> 120000 | O8: =M8/N8 -> 0.851 | P8: 2180 | Q8: =P8/M8 -> 0.021347434 | R8: =B8/M8 -> 12.044653 | S8: =B8/P8 -> 564.22018 | T8: 500 | U8: =S8/T8 -> 1.1284404 | W8: 39173 | X8: =D8 -> 1.23 | Y8: =J8 -> 1.1066667 | Z8: =O8 -> 0.851 | AA8: =U8 -> 1.1284404 | AB8: 流入 | AD8: 39173 | AE8: =B8 -> 1230000 | AF8: =C8 -> 1000000 | AG8: =AE8/AF8 -> 1.23 | AH8: =H8 -> 830000 | AI8: =I8 -> 750000 | AJ8: =AH8/AI8 -> 1.1066667
A9: 39203 | B9: 980000 | C9: 1000000 | D9: =B9/C9 -> 0.98 | E9: =B9-C9 -> -20000 | F9: 200000 | G9: 0 | H9: =B9-F9-G9 -> 780000 | I9: =C9*0.75 -> 750000 | J9: =H9/I9 -> 1.04 | K9: =H9-I9 -> 30000 | M9: 92010 | N9: 90000 | O9: =M9/N9 -> 1.0223333 | P9: 1840 | Q9: =P9/M9 -> 0.019997826 | R9: =B9/M9 -> 10.651016 | S9: =B9/P9 -> 532.6087 | T9: 500 | U9: =S9/T9 -> 1.0652174 | W9: 39203 | X9: =D9 -> 0.98 | Y9: =J9 -> 1.04 | Z9: =O9 -> 1.0223333 | AA9: =U9 -> 1.0652174 | AB9: 売上 | AD9: 39203 | AE9: =B9+AE8 -> 2210000 | AF9: =C9+AF8 -> 2000000 | AG9: =AE9/AF9 -> 1.105 | AH9: =H9+AH8 -> 1610000 | AI9: =I9+AI8 -> 1500000 | AJ9: =AH9/AI9 -> 1.0733333
A10: 39234 | B10: 1010000 | C10: 1000000 | D10: =B10/C10 -> 1.01 | E10: =B10-C10 -> 10000 | F10: 200000 | G10: 0 | H10: =B10-F10-G10 -> 810000 | I10: =C10*0.75 -> 750000 | J10: =H10/I10 -> 1.08 | K10: =H10-I10 -> 60000 | M10: 123941 | N10: 90000 | O10: =M10/N10 -> 1.3771222 | P10: 2200 | Q10: =P10/M10 -> 0.017750381 | R10: =B10/M10 -> 8.1490387 | S10: =B10/P10 -> 459.09091 | T10: 500 | U10: =S10/T10 -> 0.91818182 | W10: 39234 | X10: =D10 -> 1.01 | Y10: =J10 -> 1.08 | Z10: =O10 -> 1.3771222 | AA10: =U10 -> 0.91818182 | AB10: 売上/成果 | AD10: 39234 | AE10: =B10+AE9 -> 3220000 | AF10: =C10+AF9 -> 3000000 | AG10: =AE10/AF10 -> 1.0733333 | AH10: =H10+AH9 -> 2420000 | AI10: =I10+AI9 -> 2250000 | AJ10: =AH10/AI10 -> 1.0755556
A11: 39264 | B11: 1487000 | C11: 1500000 | D11: =B11/C11 -> 0.99133333 | E11: =B11-C11 -> -13000 | F11: 500000 | G11: 0 | H11: =B11-F11-G11 -> 987000 | I11: =C11*0.75 -> 1125000 | J11: =H11/I11 -> 0.87733333 | K11: =H11-I11 -> -138000 | M11: 154215 | N11: =F11*0.3 -> 150000 | O11: =M11/N11 -> 1.0281 | P11: 3120 | Q11: =P11/M11 -> 0.020231495 | R11: =B11/M11 -> 9.6423824 | S11: =B11/P11 -> 476.60256 | T11: 500 | U11: =S11/T11 -> 0.95320513 | W11: 39264 | X11: =D11 -> 0.99133333 | Y11: =J11 -> 0.87733333 | Z11: =O11 -> 1.0281 | AA11: =U11 -> 0.95320513 | AB11: 売上・利益・売上/成果 | AD11: 39264 | AE11: =B11+AE10 -> 4707000 | AF11: =C11+AF10 -> 4500000 | AG11: =AE11/AF11 -> 1.046 | AH11: =H11+AH10 -> 3407000 | AI11: =I11+AI10 -> 3375000 | AJ11: =AH11/AI11 -> 1.0094815
A12: 39295 | B12: 1892000 | C12: 1500000 | D12: =B12/C12 -> 1.2613333 | E12: =B12-C12 -> 392000 | F12: 500000 | G12: 200000 | H12: =B12-F12-G12 -> 1192000 | I12: =C12*0.75 -> 1125000 | J12: =H12/I12 -> 1.0595556 | K12: =H12-I12 -> 67000 | M12: 143402 | N12: =F12*0.3 -> 150000 | O12: =M12/N12 -> 0.95601333 | P12: 3450 | Q12: =P12/M12 -> 0.024058242 | R12: =B12/M12 -> 13.193679 | S12: =B12/P12 -> 548.4058 | T12: 500 | U12: =S12/T12 -> 1.0968116 | W12: 39295 | X12: =D12 -> 1.2613333 | Y12: =J12 -> 1.0595556 | Z12: =O12 -> 0.95601333 | AA12: =U12 -> 1.0968116 | AB12: 流入 | AD12: 39295 | AE12: =B12+AE11 -> 6599000 | AF12: =C12+AF11 -> 6000000 | AG12: =AE12/AF12 -> 1.0998333 | AH12: =H12+AH11 -> 4599000 | AI12: =I12+AI11 -> 4500000 | AJ12: =AH12/AI12 -> 1.022
A13: 39326 | B13: 921000 | C13: 1000000 | D13: =B13/C13 -> 0.921 | E13: =B13-C13 -> -79000 | F13: 200000 | G13: 0 | H13: =B13-F13-G13 -> 721000 | I13: =C13*0.75 -> 750000 | J13: =H13/I13 -> 0.96133333 | K13: =H13-I13 -> -29000 | M13: 84020 | N13: 90000 | O13: =M13/N13 -> 0.93355556 | P13: 1820 | Q13: =P13/M13 -> 0.021661509 | R13: =B13/M13 -> 10.961676 | S13: =B13/P13 -> 506.04396 | T13: 500 | U13: =S13/T13 -> 1.0120879 | W13: 39326 | X13: =D13 -> 0.921 | Y13: =J13 -> 0.96133333 | Z13: =O13 -> 0.93355556 | AA13: =U13 -> 1.0120879 | AB13: 売上・利益・流入 | AD13: 39326 | AE13: =B13+AE12 -> 7520000 | AF13: =C13+AF12 -> 7000000 | AG13: =AE13/AF13 -> 1.0742857 | AH13: =H13+AH12 -> 5320000 | AI13: =I13+AI12 -> 5250000 | AJ13: =AH13/AI13 -> 1.0133333
A14: 39356 | B14: 980000 | C14: 1000000 | D14: =B14/C14 -> 0.98 | E14: =B14-C14 -> -20000 | F14: 200000 | G14: 0 | H14: =B14-F14-G14 -> 780000 | I14: =C14*0.75 -> 750000 | J14: =H14/I14 -> 1.04 | K14: =H14-I14 -> 30000 | M14: 92410 | N14: 90000 | O14: =M14/N14 -> 1.0267778 | P14: 1640 | Q14: =P14/M14 -> 0.017746997 | R14: =B14/M14 -> 10.604913 | S14: =B14/P14 -> 597.56098 | T14: 500 | U14: =S14/T14 -> 1.195122 | W14: 39356 | X14: =D14 -> 0.98 | Y14: =J14 -> 1.04 | Z14: =O14 -> 1.0267778 | AA14: =U14 -> 1.195122 | AB14: 売上 | AD14: 39356 | AE14: =B14+AE13 -> 8500000 | AF14: =C14+AF13 -> 8000000 | AG14: =AE14/AF14 -> 1.0625 | AH14: =H14+AH13 -> 6100000 | AI14: =I14+AI13 -> 6000000 | AJ14: =AH14/AI14 -> 1.0166667
A15: 39387 | B15: 1020000 | C15: 1000000 | D15: =B15/C15 -> 1.02 | E15: =B15-C15 -> 20000 | F15: 200000 | G15: 0 | H15: =B15-F15-G15 -> 820000 | I15: =C15*0.75 -> 750000 | J15: =H15/I15 -> 1.0933333 | K15: =H15-I15 -> 70000 | M15: 84980 | N15: 90000 | O15: =M15/N15 -> 0.94422222 | P15: 1650 | Q15: =P15/M15 -> 0.019416333 | R15: =B15/M15 -> 12.002824 | S15: =B15/P15 -> 618.18182 | T15: 500 | U15: =S15/T15 -> 1.2363636 | W15: 39387 | X15: =D15 -> 1.02 | Y15: =J15 -> 1.0933333 | Z15: =O15 -> 0.94422222 | AA15: =U15 -> 1.2363636 | AB15: 流入 | AD15: 39387 | AE15: =B15+AE14 -> 9520000 | AF15: =C15+AF14 -> 9000000 | AG15: =AE15/AF15 -> 1.0577778 | AH15: =H15+AH14 -> 6920000 | AI15: =I15+AI14 -> 6750000 | AJ15: =AH15/AI15 -> 1.0251852
A16: 39417 | B16: 1526000 | C16: 1500000 | D16: =B16/C16 -> 1.0173333 | E16: =B16-C16 -> 26000 | F16: 400000 | G16: 0 | H16: =B16-F16-G16 -> 1126000 | I16: =C16*0.75 -> 1125000 | J16: =H16/I16 -> 1.0008889 | K16: =H16-I16 -> 1000 | M16: 103251 | N16: 120000 | O16: =M16/N16 -> 0.860425 | P16: 2540 | Q16: =P16/M16 -> 0.024600246 | R16: =B16/M16 -> 14.779518 | S16: =B16/P16 -> 600.7874 | T16: 500 | U16: =S16/T16 -> 1.2015748 | W16: 39417 | X16: =D16 -> 1.0173333 | Y16: =J16 -> 1.0008889 | Z16: =O16 -> 0.860425 | AA16: =U16 -> 1.2015748 | AB16: 流入 | AD16: 39417 | AE16: =B16+AE15 -> 11046000 | AF16: =C16+AF15 -> 10500000 | AG16: =AE16/AF16 -> 1.052 | AH16: =H16+AH15 -> 8046000 | AI16: =I16+AI15 -> 7875000 | AJ16: =AH16/AI16 -> 1.0217143
A17: 39448 | B17: 940000 | C17: 1000000 | D17: =B17/C17 -> 0.94 | E17: =B17-C17 -> -60000 | F17: 250000 | G17: 0 | H17: =B17-F17-G17 -> 690000 | I17: =C17*0.75 -> 750000 | J17: =H17/I17 -> 0.92 | K17: =H17-I17 -> -60000 | M17: 92104 | N17: 100000 | O17: =M17/N17 -> 0.92104 | P17: 1830 | Q17: =P17/M17 -> 0.019868844 | R17: =B17/M17 -> 10.205854 | S17: =B17/P17 -> 513.6612 | T17: 500 | U17: =S17/T17 -> 1.0273224 | W17: 39448 | X17: =D17 -> 0.94 | Y17: =J17 -> 0.92 | Z17: =O17 -> 0.92104 | AA17: =U17 -> 1.0273224 | AB17: 売上・利益・流入 | AD17: 39448 | AE17: =B17+AE16 -> 11986000 | AF17: =C17+AF16 -> 11500000 | AG17: =AE17/AF17 -> 1.0422609 | AH17: =H17+AH16 -> 8736000 | AI17: =I17+AI16 -> 8625000 | AJ17: =AH17/AI17 -> 1.0128696
A18: 39479 | B18: 1100000 | C18: 1000000 | D18: =B18/C18 -> 1.1 | E18: =B18-C18 -> 100000 | F18: 250000 | G18: 0 | H18: =B18-F18-G18 -> 850000 | I18: =C18*0.75 -> 750000 | J18: =H18/I18 -> 1.1333333 | K18: =H18-I18 -> 100000 | M18: 97837 | N18: 100000 | O18: =M18/N18 -> 0.97837 | P18: 1920 | Q18: =P18/M18 -> 0.019624477 | R18: =B18/M18 -> 11.24319 | S18: =B18/P18 -> 572.91667 | T18: 500 | U18: =S18/T18 -> 1.1458333 | W18: 39479 | X18: =D18 -> 1.1 | Y18: =J18 -> 1.1333333 | Z18: =O18 -> 0.97837 | AA18: =U18 -> 1.1458333 | AB18: 流入 | AD18: 39479 | AE18: =B18+AE17 -> 13086000 | AF18: =C18+AF17 -> 12500000 | AG18: =AE18/AF18 -> 1.04688 | AH18: =H18+AH17 -> 9586000 | AI18: =I18+AI17 -> 9375000 | AJ18: =AH18/AI18 -> 1.0225067
A19: 39508 | B19: 1700000 | C19: 1500000 | D19: =B19/C19 -> 1.1333333 | E19: =B19-C19 -> 200000 | F19: 500000 | G19: 0 | H19: =B19-F19-G19 -> 1200000 | I19: =C19*0.75 -> 1125000 | J19: =H19/I19 -> 1.0666667 | K19: =H19-I19 -> 75000 | M19: 153140 | N19: 100000 | O19: =M19/N19 -> 1.5314 | P19: 3110 | Q19: =P19/M19 -> 0.020308215 | R19: =B19/M19 -> 11.100953 | S19: =B19/P19 -> 546.62379 | T19: 500 | U19: =S19/T19 -> 1.0932476 | W19: 39508 | X19: =D19 -> 1.1333333 | Y19: =J19 -> 1.0666667 | Z19: =O19 -> 1.5314 | AA19: =U19 -> 1.0932476 | AB19: 全て達成！ | AD19: 39508 | AE19: =B19+AE18 -> 14786000 | AF19: =C19+AF18 -> 14000000 | AG19: =AE19/AF19 -> 1.0561429 | AH19: =H19+AH18 -> 10786000 | AI19: =I19+AI18 -> 10500000 | AJ19: =AH19/AI19 -> 1.0272381
A20: 39539 | B20: 910000 | C20: 1200000 | D20: =B20/C20 -> 0.75833333 | E20: =B20-C20 -> -290000 | F20: 250000 | G20: 0 | H20: =B20-F20-G20 -> 660000 | I20: =C20*0.75 -> 900000 | J20: =H20/I20 -> 0.73333333 | K20: =H20-I20 -> -240000 | M20: 99829 | N20: 100000 | O20: =M20/N20 -> 0.99829 | P20: 1980 | Q20: =P20/M20 -> 0.019833916 | R20: =B20/M20 -> 9.1155877 | S20: =B20/P20 -> 459.59596 | T20: 500 | U20: =S20/T20 -> 0.91919192 | W20: 39539 | X20: =D20 -> 0.75833333 | Y20: =J20 -> 0.73333333 | Z20: =O20 -> 0.99829 | AA20: =U20 -> 0.91919192 | AB20: 売上・利益・売上/成果 | AD20: 39539 | AE20: =B20 -> 910000 | AF20: =C20 -> 1200000 | AG20: =AE20/AF20 -> 0.75833333 | AH20: =H20 -> 660000 | AI20: =I20 -> 900000 | AJ20: =AH20/AI20 -> 0.73333333
A21: 39569 | B21: 1320000 | C21: 1200000 | D21: =B21/C21 -> 1.1 | E21: =B21-C21 -> 120000 | F21: 250000 | G21: 0 | H21: =B21-F21-G21 -> 1070000 | I21: =C21*0.75 -> 900000 | J21: =H21/I21 -> 1.1888889 | K21: =H21-I21 -> 170000 | M21: 128310 | N21: 100000 | O21: =M21/N21 -> 1.2831 | P21: 2640 | Q21: =P21/M21 -> 0.02057517 | R21: =B21/M21 -> 10.287585 | S21: =B21/P21 -> 500 | T21: 500 | U21: =S21/T21 -> 1 | W21: 39569 | X21: =D21 -> 1.1 | Y21: =J21 -> 1.1888889 | Z21: =O21 -> 1.2831 | AA21: =U21 -> 1 | AB21: 全て達成！ | AD21: 39569 | AE21: =B21+AE20 -> 2230000 | AF21: =C21+AF20 -> 2400000 | AG21: =AE21/AF21 -> 0.92916667 | AH21: =AH20+H21 -> 1730000 | AI21: =I21+AI20 -> 1800000 | AJ21: =AH21/AI21 -> 0.96111111
A22: 39600 | B22: 1000000 | C22: 1200000 | D22: =B22/C22 -> 0.83333333 | E22: =B22-C22 -> -200000 | F22: 250000 | G22: 0 | H22: =B22-F22-G22 -> 750000 | I22: =C22*0.75 -> 900000 | J22: =H22/I22 -> 0.83333333 | K22: =H22-I22 -> -150000 | M22: 128131 | N22: 100000 | O22: =M22/N22 -> 1.28131 | P22: 2210 | Q22: =P22/M22 -> 0.017247973 | R22: =B22/M22 -> 7.8045126 | S22: =B22/P22 -> 452.48869 | T22: 500 | U22: =S22/T22 -> 0.90497738 | W22: 39600 | X22: =D22 -> 0.83333333 | Y22: =J22 -> 0.83333333 | Z22: =O22 -> 1.28131 | AA22: =U22 -> 0.90497738 | AB22: 売上・利益・売上/成果 | AD22: 39600 | AE22: =B22+AE21 -> 3230000 | AF22: =C22+AF21 -> 3600000 | AG22: =AE22/AF22 -> 0.89722222 | AH22: =AH21+H22 -> 2480000 | AI22: =I22+AI21 -> 2700000 | AJ22: =AH22/AI22 -> 0.91851852
A23: 39630 | B23: 1481000 | C23: 1800000 | D23: =B23/C23 -> 0.82277778 | E23: =B23-C23 -> -319000 | F23: 500000 | G23: 0 | H23: =B23-F23-G23 -> 981000 | I23: =C23*0.75 -> 1350000 | J23: =H23/I23 -> 0.72666667 | K23: =H23-I23 -> -369000 | M23: 153291 | N23: =F23*0.3 -> 150000 | O23: =M23/N23 -> 1.02194 | P23: 2820 | Q23: =P23/M23 -> 0.018396383 | R23: =B23/M23 -> 9.661363 | S23: =B23/P23 -> 525.1773 | T23: 500 | U23: =S23/T23 -> 1.0503546 | W23: 39630 | X23: =D23 -> 0.82277778 | Y23: =J23 -> 0.72666667 | Z23: =O23 -> 1.02194 | AA23: =U23 -> 1.0503546 | AB23: 売上・利益 | AD23: 39630 | AE23: =B23+AE22 -> 4711000 | AF23: =C23+AF22 -> 5400000 | AG23: =AE23/AF23 -> 0.87240741 | AH23: =AH22+H23 -> 3461000 | AI23: =I23+AI22 -> 4050000 | AJ23: =AH23/AI23 -> 0.8545679
A24: 39661 | B24: 1946000 | C24: 1800000 | D24: =B24/C24 -> 1.0811111 | E24: =B24-C24 -> 146000 | F24: 500000 | G24: 0 | H24: =B24-F24-G24 -> 1446000 | I24: =C24*0.75 -> 1350000 | J24: =H24/I24 -> 1.0711111 | K24: =H24-I24 -> 96000 | M24: 148392 | N24: =F24*0.3 -> 150000 | O24: =M24/N24 -> 0.98928 | P24: 4800 | Q24: =P24/M24 -> 0.032346757 | R24: =B24/M24 -> 13.113914 | S24: =B24/P24 -> 405.41667 | T24: 500 | U24: =S24/T24 -> 0.81083333 | W24: 39661 | X24: =D24 -> 1.0811111 | Y24: =J24 -> 1.0711111 | Z24: =O24 -> 0.98928 | AA24: =U24 -> 0.81083333 | AB24: 流入・売上/成果 | AD24: 39661 | AE24: =B24+AE23 -> 6657000 | AF24: =C24+AF23 -> 7200000 | AG24: =AE24/AF24 -> 0.92458333 | AH24: =AH23+H24 -> 4907000 | AI24: =I24+AI23 -> 5400000 | AJ24: =AH24/AI24 -> 0.9087037
A25: 39692 | B25: 1080000 | C25: 1200000 | D25: =B25/C25 -> 0.9 | E25: =B25-C25 -> -120000 | F25: 250000 | G25: 0 | H25: =B25-F25-G25 -> 830000 | I25: =C25*0.75 -> 900000 | J25: =H25/I25 -> 0.92222222 | K25: =H25-I25 -> -70000 | M25: 109801 | N25: 100000 | O25: =M25/N25 -> 1.09801 | P25: 2140 | Q25: =P25/M25 -> 0.019489804 | R25: =B25/M25 -> 9.835976 | S25: =B25/P25 -> 504.6729 | T25: 500 | U25: =S25/T25 -> 1.0093458 | W25: 39692 | X25: =D25 -> 0.9 | Y25: =J25 -> 0.92222222 | Z25: =O25 -> 1.09801 | AA25: =U25 -> 1.0093458 | AB25: 売上・流入 | AD25: 39692 | AE25: =B25+AE24 -> 7737000 | AF25: =C25+AF24 -> 8400000 | AG25: =AE25/AF25 -> 0.92107143 | AH25: =AH24+H25 -> 5737000 | AI25: =I25+AI24 -> 6300000 | AJ25: =AH25/AI25 -> 0.91063492
A26: 39722 | B26: 1103000 | C26: 1200000 | D26: =B26/C26 -> 0.91916667 | E26: =B26-C26 -> -97000 | F26: 250000 | G26: 500000 | H26: =B26-F26-G26 -> 353000 | I26: =C26*0.75 -> 900000 | J26: =H26/I26 -> 0.39222222 | K26: =H26-I26 -> -547000 | M26: 110940 | N26: 100000 | O26: =M26/N26 -> 1.1094 | P26: 1980 | Q26: =P26/M26 -> 0.017847485 | R26: =B26/M26 -> 9.9423112 | S26: =B26/P26 -> 557.07071 | T26: 600 | U26: =S26/T26 -> 0.92845118 | W26: 39722 | X26: =D26 -> 0.91916667 | Y26: =J26 -> 0.39222222 | Z26: =O26 -> 1.1094 | AA26: =U26 -> 0.92845118 | AB26: 売上・流入・売上/成果 | AD26: 39722 | AE26: =B26+AE25 -> 8840000 | AF26: =C26+AF25 -> 9600000 | AG26: =AE26/AF26 -> 0.92083333 | AH26: =AH25+H26 -> 6090000 | AI26: =I26+AI25 -> 7200000 | AJ26: =AH26/AI26 -> 0.84583333
A27: 39753 | B27: 1302000 | C27: 1200000 | D27: =B27/C27 -> 1.085 | E27: =B27-C27 -> 102000 | F27: 250000 | G27: 0 | H27: =B27-F27-G27 -> 1052000 | I27: =C27*0.75 -> 900000 | J27: =H27/I27 -> 1.1688889 | K27: =H27-I27 -> 152000 | M27: 99124 | N27: 100000 | O27: =M27/N27 -> 0.99124 | P27: 1890 | Q27: =P27/M27 -> 0.019067027 | R27: =B27/M27 -> 13.135063 | S27: =B27/P27 -> 688.88889 | T27: 600 | U27: =S27/T27 -> 1.1481481 | W27: 39753 | X27: =D27 -> 1.085 | Y27: =J27 -> 1.1688889 | Z27: =O27 -> 0.99124 | AA27: =U27 -> 1.1481481 | AB27: 流入 | AD27: 39753 | AE27: =B27+AE26 -> 10142000 | AF27: =C27+AF26 -> 10800000 | AG27: =AE27/AF27 -> 0.93907407 | AH27: =AH26+H27 -> 7142000 | AI27: =I27+AI26 -> 8100000 | AJ27: =AH27/AI27 -> 0.8817284
A28: 39783 | B28: 1858000 | C28: 1800000 | D28: =B28/C28 -> 1.0322222 | E28: =B28-C28 -> 58000 | F28: 500000 | G28: 0 | H28: =B28-F28-G28 -> 1358000 | I28: =C28*0.75 -> 1350000 | J28: =H28/I28 -> 1.0059259 | K28: =H28-I28 -> 8000 | M28: 120420 | N28: =F28*0.3 -> 150000 | O28: =M28/N28 -> 0.8028 | P28: 2810 | Q28: =P28/M28 -> 0.023334994 | R28: =B28/M28 -> 15.429331 | S28: =B28/P28 -> 661.20996 | T28: 600 | U28: =S28/T28 -> 1.1020166 | W28: 39783 | X28: =D28 -> 1.0322222 | Y28: =J28 -> 1.0059259 | Z28: =O28 -> 0.8028 | AA28: =U28 -> 1.1020166 | AB28: 流入 | AD28: 39783 | AE28: =B28+AE27 -> 12000000 | AF28: =C28+AF27 -> 12600000 | AG28: =AE28/AF28 -> 0.95238095 | AH28: =AH27+H28 -> 8500000 | AI28: =I28+AI27 -> 9450000 | AJ28: =AH28/AI28 -> 0.8994709
A29: 39814 | B29: 1031000 | C29: 1200000 | D29: =B29/C29 -> 0.85916667 | E29: =B29-C29 -> -169000 | F29: 250000 | G29: 0 | H29: =B29-F29-G29 -> 781000 | I29: =C29*0.75 -> 900000 | J29: =H29/I29 -> 0.86777778 | K29: =H29-I29 -> -119000 | M29: 121045 | N29: 100000 | O29: =M29/N29 -> 1.21045 | P29: 1890 | Q29: =P29/M29 -> 0.015614028 | R29: =B29/M29 -> 8.5174935 | S29: =B29/P29 -> 545.50265 | T29: 600 | U29: =S29/T29 -> 0.90917108 | W29: 39814 | X29: =D29 -> 0.85916667 | Y29: =J29 -> 0.86777778 | Z29: =O29 -> 1.21045 | AA29: =U29 -> 0.90917108 | AB29: 売上・利益・売上/成果 | AD29: 39814 | AE29: =B29+AE28 -> 13031000 | AF29: =C29+AF28 -> 13800000 | AG29: =AE29/AF29 -> 0.94427536 | AH29: =AH28+H29 -> 9281000 | AI29: =I29+AI28 -> 10350000 | AJ29: =AH29/AI29 -> 0.89671498
A30: 39845 | C30: 1200000 | I30: =C30*0.75 -> 900000 | N30: 100000 | T30: 600 | W30: 39845 | X30: =D30 -> 0 | Y30: =J30 -> 0 | Z30: =O30 -> 0 | AA30: =U30 -> 0 | AD30: 39845 | AE30: =AE29+C30 -> 14231000 | AF30: =C30+AF29 -> 15000000 | AG30: =AE30/AF30 -> 0.94873333 | AH30: =AH29+I30 -> 10181000 | AI30: =AI29+I30 -> 11250000 | AJ30: =AH30/AI30 -> 0.90497778
A31: 39873 | C31: 1800000 | I31: =C31*0.75 -> 1350000 | N31: 150000 | T31: 600 | W31: 39873 | X31: =D31 -> 0 | Y31: =J31 -> 0 | Z31: =O31 -> 0 | AA31: =U31 -> 0 | AD31: 39873 | AE31: =AE30+C31 -> 16031000 | AF31: =C31+AF30 -> 16800000 | AG31: =AE31/AF31 -> 0.95422619 | AH31: =AH30+I31 -> 11531000 | AI31: =AI30+I31 -> 12600000 | AJ31: =AH31/AI31 -> 0.91515873
A33: 年度合計 | B33: サイト売上 | C33: 目標 | D33: 達成率 | E33: 差額 | F33: 集客コスト | G33: その他コスト | H33: サイト利益 | I33: 利益目標 | J33: 達成率 | K33: 差額 | M33: サイト流入量 | N33: 目標 | O33: 達成率 | P33: CV数 | Q33: CV率 | R33: 売上/流入 | S33: 売上/成果 | T33: 目標 | U33: 達成率
A34: 2007年度 | B34: =SUM(B8:B19) -> 14786000 | C34: =SUM(C8:C19) -> 14000000 | D34: =B34/C34 -> 1.0561429 | E34: =B34-C34 -> 786000 | F34: =SUM(F8:F19) -> 3800000 | G34: =SUM(G8:G19) -> 200000 | H34: =SUM(H8:H19) -> 10786000 | I34: =SUM(I8:I19) -> 10500000 | J34: =H34/I34 -> 1.0272381 | K34: =H34-I34 -> 286000 | M34: =SUM(M8:M19) -> 1323430 | N34: =SUM(N8:N19) -> 1290000 | O34: =M34/N34 -> 1.0259147 | P34: =SUM(P8:P19) -> 27300 | Q34: =AVERAGE(Q8:Q19) -> 0.020551 | R34: =AVERAGE(R8:R19) -> 11.214975 | S34: =AVERAGE(S8:S19) -> 544.72533 | T34: =AVERAGE(T8:T19) -> 500 | U34: =S34/T34 -> 1.0894507
A35: 2008年度 | B35: =SUM(B20:B31) -> 13031000 | C35: =SUM(C20:C31) -> 16800000 | D35: =B35/C35 -> 0.77565476 | E35: =B35-C35 -> -3769000 | F35: =SUM(F20:F31) -> 3250000 | G35: =SUM(G20:G31) -> 500000 | H35: =SUM(H20:H31) -> 9281000 | I35: =SUM(I20:I31) -> 12600000 | J35: =H35/I35 -> 0.7365873 | K35: =H35-I35 -> -3319000 | M35: =SUM(M20:M31) -> 1219283 | N35: =SUM(N20:N31) -> 1400000 | O35: =M35/N35 -> 0.87091643 | P35: =SUM(P20:P29) -> 25160 | Q35: =AVERAGE(Q20:Q29) -> 0.020375354 | R35: =AVERAGE(R20:R29) -> 10.684314 | S35: =AVERAGE(S20:S29) -> 530.00237 | T35: =AVERAGE(T20:T31) -> 550 | U35: =S35/T35 -> 0.96364068
A39: サイト基本情報 | M39: 各コンテンツのPV数
A41: 月 | B41: PV | C41: セッション | D41: UU | E41: PV/セッション | F41: セッション/UU | G41: 直帰数 | H41: 直帰率 | I41: 新規数 | J41: 新規率 | M41: TOP | N41: 特集 | O41: 一覧 | P41: 詳細 | Q41: フォーム入り口 | S41: ＣＶ数
A42: 39173 | B42: 1501201 | C42: =M8 -> 102120 | D42: 58392 | E42: =B42/C42 -> 14.700362 | F42: =C42/D42 -> 1.7488697 | G42: 35480 | H42: =G42/C42 -> 0.34743439 | I42: 21301 | J42: =I42/C42 -> 0.20858794 | M42: 368623.86 | N42: 90331.926 | O42: 184412.05 | P42: 463591.09 | Q42: =P8*1.8 -> 3924 | S42: =P8 -> 2180
A43: 39203 | B43: 1426420 | C43: =M9 -> 92010 | D43: 48291 | E43: =B43/C43 -> 15.50288 | F43: =C43/D43 -> 1.905324 | G43: 32010 | H43: =G43/C43 -> 0.34789697 | I43: 19327 | J43: =I43/C43 -> 0.21005326 | M43: 350295.7 | N43: 85850.271 | O43: 175166.22 | P43: 440432.54 | Q43: =P9*1.8 -> 3312 | S43: =P9 -> 1840
A44: 39234 | B44: 1644320 | C44: =M10 -> 123941 | D44: 62912 | E44: =B44/C44 -> 13.266958 | F44: =C44/D44 -> 1.9700693 | G44: 43380 | H44: =G44/C44 -> 0.35000524 | I44: 26301 | J44: =I44/C44 -> 0.21220581 | M44: 403010.7 | N44: 98917.509 | O44: 201877.08 | P44: 508498.39 | Q44: =P10*1.8 -> 3960 | S44: =P10 -> 2200
A45: 39264 | B45: 1983010 | C45: =M11 -> 154215 | D45: 82729 | E45: =B45/C45 -> 12.858736 | F45: =C45/D45 -> 1.8640984 | G45: 53602 | H45: =G45/C45 -> 0.34757968 | I45: 31845 | J45: =I45/C45 -> 0.20649742 | M45: 487062.48 | N45: 119147.84 | O45: 243594.71 | P45: 613568.29 | Q45: =P11*1.8 -> 5616 | S45: =P11 -> 3120
A46: 39295 | B46: 1820321 | C46: =M12 -> 143402 | D46: 76982 | E46: =B46/C46 -> 12.693833 | F46: =C46/D46 -> 1.8627991 | G46: 50392 | H46: =G46/C46 -> 0.35140375 | I46: 29431 | J46: =I46/C46 -> 0.20523424 | M46: 447331.64 | N46: 109454.71 | O46: 224050.58 | P46: 563436.92 | Q46: =P12*1.8 -> 6210 | S46: =P12 -> 3450
A47: 39326 | B47: 1598493 | C47: =M13 -> 84020 | D47: 45097 | E47: =B47/C47 -> 19.025149 | F47: =C47/D47 -> 1.8630951 | G47: 29310 | H47: =G47/C47 -> 0.34884551 | I47: 18431 | J47: =I47/C47 -> 0.21936444 | M47: 392436.82 | N47: 96152.338 | O47: 196442.31 | P47: 494671.76 | Q47: =P13*1.8 -> 3276 | S47: =P13 -> 1820
A48: 39356 | B48: 1509202 | C48: =M14 -> 92410 | D48: 47509 | E48: =B48/C48 -> 16.331587 | F48: =C48/D48 -> 1.9451051 | G48: 43935 | H48: =G48/C48 -> 0.47543556 | I48: 19403 | J48: =I48/C48 -> 0.20996645 | M48: 370374.1 | N48: 90589.109 | O48: 185564.75 | P48: 467078.16 | Q48: =P14*1.8 -> 2952 | S48: =P14 -> 1640
A49: 39387 | B49: 1391021 | C49: =M15 -> 84980 | D49: 48721 | E49: =B49/C49 -> 16.368804 | F49: =C49/D49 -> 1.7442171 | G49: 27485 | H49: =G49/C49 -> 0.32342904 | I49: 17382 | J49: =I49/C49 -> 0.20454225 | M49: 341344.6 | N49: 83513.73 | O49: 170926.69 | P49: 429601.09 | Q49: =P15*1.8 -> 2970 | S49: =P15 -> 1650
A50: 39417 | B50: 1839201 | C50: =M16 -> 103251 | D50: 54093 | E50: =B50/C50 -> 17.812912 | F50: =C50/D50 -> 1.9087682 | G50: 35978 | H50: =G50/C50 -> 0.34845183 | I50: 21691 | J50: =I50/C50 -> 0.21008029 | M50: 451473.9 | N50: 110600.85 | O50: 226115.45 | P50: 568723.22 | Q50: =P16*1.8 -> 4572 | S50: =P16 -> 2540
A51: 39448 | B51: 1201210 | C51: =M17 -> 92104 | D51: 48722 | E51: =B51/C51 -> 13.041887 | F51: =C51/D51 -> 1.8903986 | G51: 32108 | H51: =G51/C51 -> 0.34860592 | I51: 18944 | J51: =I51/C51 -> 0.20568054 | M51: 295376.53 | N51: 72336.629 | O51: 147967.28 | P51: 372708.3 | Q51: =P17*1.8 -> 3294 | S51: =P17 -> 1830
A52: 39479 | B52: 1109493 | C52: =M18 -> 97837 | D52: 52981 | E52: =B52/C52 -> 11.340219 | F52: =C52/D52 -> 1.8466431 | G52: 34090 | H52: =G52/C52 -> 0.34843669 | I52: 27477 | J52: =I52/C52 -> 0.28084467 | M52: 272105.4 | N52: 66790.184 | O52: 136113.94 | P52: 342781.64 | Q52: =P18*1.8 -> 3456 | S52: =P18 -> 1920
A53: 39508 | B53: 2015431 | C53: =M19 -> 153140 | D53: 81211 | E53: =B53/C53 -> 13.160709 | F53: =C53/D53 -> 1.8857051 | G53: 48200 | H53: =G53/C53 -> 0.31474468 | I53: 30994 | J53: =I53/C53 -> 0.20238997 | M53: 494563.06 | N53: 121065.56 | O53: 247433.44 | P53: 622712.65 | Q53: =P19*1.8 -> 5598 | S53: =P19 -> 3110
... A63: 39814 | B63: 1850439 | C63: =M29 -> 121045 | D63: 59838 | E63: =B63/C63 -> 15.287199 | F63: =C63/D63 -> 2.0228784 | G63: 42385 | H63: =G63/C63 -> 0.35015903 | I63: 25989 | J63: =I63/C63 -> 0.21470527 | M63: 453505.16 | N63: 111112.82 | O63: 226956.01 | P63: 571636 | Q63: =P29*1.8 -> 3402 | S63: =P29 -> 1890
A64: 39845
A65: 39873
A67: 年度合計 | B67: PV | C67: セッション数 | D67: UU数 | E67: PV/セッション | F67: セッション/UU | G67: 直帰数 | H67: 直帰率 | I67: 新規数 | J67: 新規率 | M67: TOP | N67: 特集 | O67: 一覧 | P67: 詳細 | Q67: フォーム入り口 | S67: ＣＶ数
A68: 2007年度 | B68: =SUM(B42:B53) -> 19039323 | C68: =M34 -> 1323430 | D68: =SUM(D42:D53) -> 707640 | E68: =AVERAGE(E42:E53) -> 14.675336 | F68: =AVERAGE(F42:F53) -> 1.8695911 | G68: =SUM(G42:G53) -> 465970 | H68: =AVERAGE(H42:H53) -> 0.35435577 | I68: =SUM(I42:I53) -> 282527 | J68: =AVERAGE(J42:J53) -> 0.2146206 | M68: =SUM(M42:M53) -> 4673998.8 | N68: =SUM(N42:N53) -> 1144750.7 | O68: =SUM(O42:O53) -> 2339664.5 | P68: =SUM(P42:P53) -> 5887804.1 | Q68: =SUM(Q42:R53) -> 49140 | S68: =P34 -> 27300
A69: 2008年度 | B69: =SUM(B54:B65) -> 15903043 | C69: =M35 -> 1219283 | D69: =SUM(D54:D65) -> 654868 | E69: =AVERAGE(E54:E63) -> 13.038834 | F69: =AVERAGE(F54:F63) -> 1.85864 | G69: =SUM(G54:G65) -> 420275 | H69: =AVERAGE(H54:H63) -> 0.34387375 | I69: =SUM(I54:I65) -> 274339 | J69: =AVERAGE(J54:J63) -> 0.22522492 | M69: =SUM(M43:M54) -> 4620054.2 | N69: =SUM(N43:N54) -> 1131594.6 | O69: =SUM(O43:O54) -> 2312965 | P69: =SUM(P43:P54) -> 5821064 | Q69: =SUM(Q54:R63) -> 45288 | S69: =P35 -> 25160
A73: 集客ごとの流入とコンバージョン数 | R73: CVR計算
B75: SEO | D75: Adwords | F75: Overture | H75: Mail | J75: プロモ | M75: その他 | O75: 合計 | R75: SEO | S75: Adwords | T75: Overture | U75: Mail | V75: プロモ | W75: その他
A76: 月 | B76: SEO流入 | C76: SEO CV数 | D76: Adwords流入 | E76: Adwords CV数 | F76: Overture流入 | G76: Overture CV数 | H76: Mail流入 | I76: Mail CV数 | J76: プロモ流入 | K76: プロモ CV数 | M76: その他流入 | N76: その他 CV数 | O76: 流入 | P76: ＣＶ数
A77: 39173 | B77: 24124 | C77: 860.85872 | D77: 16931 | E77: 412.49045 | F77: 9168.4829 | G77: 102.84783 | H77: 1849 | I77: 141.34903 | J77: 8310 | K77: 230.49029 | M77: 41737.517 | N77: 431.96367 | O77: =M8 -> 102120 | P77: =P8 -> 2180 | R77: =C77/B77 -> 0.035684742 | S77: =E77/D77 -> 0.02436303 | T77: =G77/F77 -> 0.01121754 | U77: =I77/H77 -> 0.076446205 | V77: =K77/J77 -> 0.027736497 | W77: =N77/M77 -> 0.01034953
A78: 39203 | B78: 21402 | C78: 780.12861 | D78: 15858 | E78: 387.20396 | F78: 8706.0392 | G78: 117.77629 | H78: 1857.2043 | I78: 160.23269 | J78: 7213 | K78: 189.66352 | M78: 36973.756 | N78: 204.99493 | O78: =M9 -> 92010 | P78: =P9 -> 1840 | R78: =C78/B78 -> 0.036451201 | S78: =E78/D78 -> 0.024416948 | T78: =G78/F78 -> 0.013528114 | U78: =I78/H78 -> 0.086276287 | V78: =K78/J78 -> 0.02629468 | W78: =N78/M78 -> 0.005544336
A79: 39234 | B79: 26530 | C79: 992.96485 | D79: 21012 | E79: 210.27168 | F79: 10861.576 | G79: 157.00543 | H79: 1857.7126 | I79: 207.10125 | J79: 6902 | K79: 225.08593 | M79: 56777.712 | N79: 407.57087 | O79: =M10 -> 123941 | P79: =P10 -> 2200 | R79: =C79/B79 -> 0.037428 | S79: =E79/D79 -> 0.010007219 | T79: =G79/F79 -> 0.014455124 | U79: =I79/H79 -> 0.11148186 | V79: =K79/J79 -> 0.032611696 | W79: =N79/M79 -> 0.0071783602
A80: 39264 | B80: 20121 | C80: 719.45052 | D80: 50231 | E80: 829 | F80: 15633 | G80: 206.13952 | H80: 1946.1903 | I80: 185.15586 | J80: 7205 | K80: 232.69103 | M80: 59078.81 | N80: 947.56308 | O80: =M11 -> 154215 | P80: =P11 -> 3120 | R80: =C80/B80 -> 0.035756201 | S80: =E80/D80 -> 0.016503753 | T80: =G80/F80 -> 0.013186178 | U80: =I80/H80 -> 0.095137593 | V80: =K80/J80 -> 0.032295771 | W80: =N80/M80 -> 0.016038967
A81: 39295 | B81: 27530 | C81: 1104.9485 | D81: 48090 | E81: 690 | F81: 14855 | G81: 188.3141 | H81: 2014.1957 | I81: 188.78877 | J81: 8210 | K81: 261.8798 | M81: 42702.804 | N81: 1016.0689 | O81: =M12 -> 143402 | P81: =P12 -> 3450 | R81: =C81/B81 -> 0.040136159 | S81: =E81/D81 -> 0.014348097 | T81: =G81/F81 -> 0.012676816 | U81: =I81/H81 -> 0.093729111 | V81: =K81/J81 -> 0.031897662 | W81: =N81/M81 -> 0.023793961
A82: 39326 | B82: 24031 | C82: 867 | D82: 17316 | E82: 312 | F82: 5201 | G82: 56 | H82: 2026.2571 | I82: 128 | J82: 8312 | K82: 236.78476 | M82: 27133.743 | N82: 220.21524 | O82: =M13 -> 84020 | P82: =P13 -> 1820 | R82: =C82/B82 -> 0.036078399 | S82: =E82/D82 -> 0.018018018 | T82: =G82/F82 -> 0.01076716 | U82: =I82/H82 -> 0.063170662 | V82: =K82/J82 -> 0.028487099 | W82: =N82/M82 -> 0.0081159181
A83: 39356 | B83: 25099 | C83: 886 | D83: 18321 | E83: 333.72707 | F83: 9395.1637 | G83: 74 | H83: 2098.5666 | I83: 110 | J83: 7290 | K83: 163 | M83: 30206.27 | N83: 73.272933 | O83: =M14 -> 92410 | P83: =P14 -> 1640 | R83: =C83/B83 -> 0.035300211 | S83: =E83/D83 -> 0.018215549 | T83: =G83/F83 -> 0.0078763929 | U83: =I83/H83 -> 0.052416731 | V83: =K83/J83 -> 0.022359396 | W83: =N83/M83 -> 0.0024257525
A84: 39387 | B84: 20009 | C84: 837.19047 | D84: 15196 | E84: 216 | F84: 8477.6461 | G84: 76 | H84: 2132.8642 | I84: 121 | J84: 7930 | K84: 183 | M84: 31234.49 | N84: 216.80953 | O84: =M15 -> 84980 | P84: =P15 -> 1650 | R84: =C84/B84 -> 0.041840695 | S84: =E84/D84 -> 0.014214267 | T84: =G84/F84 -> 0.0089647527 | U84: =I84/H84 -> 0.056731225 | V84: =K84/J84 -> 0.023076923 | W84: =N84/M84 -> 0.0069413502
A85: 39417 | B85: 23785 | C85: 925 | D85: 19121 | E85: 439.47139 | F85: 12102 | G85: 132.75233 | H85: 2227.3114 | I85: 213.21659 | J85: 9475 | K85: 229.74046 | M85: 36540.689 | N85: 599.81922 | O85: =M16 -> 103251 | P85: =P16 -> 2540 | R85: =C85/B85 -> 0.038890057 | S85: =E85/D85 -> 0.022983703 | T85: =G85/F85 -> 0.010969454 | U85: =I85/H85 -> 0.095728235 | V85: =K85/J85 -> 0.024247014 | W85: =N85/M85 -> 0.016415104
A86: 39448 | B86: 22431 | C86: 835.93814 | D86: 19422 | E86: 399 | F86: 10387.664 | G86: 121 | H86: 2264.0911 | I86: 142.97278 | J86: 9878 | K86: 240.07423 | M86: 27721.245 | N86: 91.014844 | O86: =M17 -> 92104 | P86: =P17 -> 1830 | R86: =C86/B86 -> 0.037267092 | S86: =E86/D86 -> 0.020543713 | T86: =G86/F86 -> 0.011648432 | U86: =I86/H86 -> 0.06314798 | V86: =K86/J86 -> 0.024303931 | W86: =N86/M86 -> 0.0032832164
A87: 39479 | B87: 28429 | C87: 927 | D87: 19935 | E87: 388.50459 | F87: 10737.726 | G87: 132.40273 | H87: 2306.5609 | I87: 164 | J87: 9195 | K87: 209 | M87: 27233.713 | N87: 99.092674 | O87: =M18 -> 97837 | P87: =P18 -> 1920 | R87: =C87/B87 -> 0.032607549 | S87: =E87/D87 -> 0.019488568 | T87: =G87/F87 -> 0.012330612 | U87: =I87/H87 -> 0.071101527 | V87: =K87/J87 -> 0.022729744 | W87: =N87/M87 -> 0.0036386032
A88: 39508 | B88: 26717 | C88: 1040.9305 | D88: 58310 | E88: 921 | F88: 19760 | G88: 281 | H88: 2354.9673 | I88: 204 | J88: 10295 | K88: 240.24577 | M88: 35703.033 | N88: 422.82377 | O88: =M19 -> 153140 | P88: =P19 -> 3110 | R88: =C88/B88 -> 0.038961353 | S88: =E88/D88 -> 0.015794889 | T88: =G88/F88 -> 0.014220648 | U88: =I88/H88 -> 0.086625408 | V88: =K88/J88 -> 0.023336161 | W88: =N88/M88 -> 0.011842797
... A98: 39814 | B98: 28789 | C98: 884 | D98: 20265 | E98: 283 | F98: 10561.739 | G98: 101 | H98: 2703.0605 | I98: 110 | J98: 10210 | K98: 227 | M98: 48516.2 | N98: 286 | O98: =M29 -> 121045 | P98: =P29 -> 1890 | R98: =C98/B98 -> 0.030706172 | S98: =E98/D98 -> 0.013964964 | T98: =G98/F98 -> 0.0095628191 | U98: =I98/H98 -> 0.040694613 | V98: =K98/J98 -> 0.022233105 | W98: =N98/M98 -> 0.0058949381
A99: 39845
A100: 39873
A102: 年度合計 | B102: SEO | D102: Adwords | F102: Overture | H102: メールマガジン | J102: プロモーション | M102: その他 | O102: 合計
B103: 流入 | C103: ＣＶ数 | D103: 流入 | E103: ＣＶ数 | F103: 流入 | G103: ＣＶ数 | H103: 流入 | I103: ＣＶ数 | J103: 流入 | K103: ＣＶ数 | M103: 流入 | N103: ＣＶ数 | O103: 流入 | P103: ＣＶ数
A104: 2007年度 | B104: =SUM(B77:B88) -> 290208 | C104: =SUM(C77:C88) -> 10777.41 | D104: =SUM(D77:D88) -> 319743 | E104: =SUM(E77:E88) -> 5538.6691 | F104: =SUM(F77:F88) -> 135285.3 | G104: =SUM(G77:G88) -> 1645.2382 | H104: =SUM(H77:H88) -> 24934.921 | I104: =SUM(I77:I88) -> 1965.817 | ... K104: =SUM(K77:K88) -> 2641.6558 | M104: =SUM(M77:M88) -> 453043.78 | N104: =SUM(N77:N88) -> 4731.2096 | O104: =SUM(O77:O88) -> 1323430 | P104: =SUM(P77:P88) -> 27300
A105: 2008年度 | B105: =SUM(B89:B100) -> 265477 | C105: =SUM(C89:C100) -> 9467.714 | D105: =SUM(D89:D100) -> 292858 | E105: =SUM(E89:E100) -> 4058.6922 | F105: =SUM(F89:F100) -> 124375.59 | G105: =SUM(G89:G100) -> 1442.3661 | H105: =SUM(H89:H100) -> 25565.895 | I105: =SUM(I89:I100) -> 1882.6929 | ... K105: =SUM(K89:K100) -> 2546.5173 | M105: =SUM(M89:M100) -> 402415.52 | N105: =SUM(N89:N100) -> 5753.1142 | O105: =SUM(O89:O100) -> 1219283 | P105: =SUM(P89:P100) -> 25160
